 Dungeon Crawl Stone Soup version 0.29.0-11-gd7f09526c8 (webtiles) character file.

Game seed: 12437009614213281200

16 MisterFreud the Shield-Bearer (level 2, -1/19 HPs)
             Began as a Gargoyle Fighter on Sept 3, 2022.
             Slain by a goblin
             ... wielding a +0 club
              (2 damage)
             ... on level 1 of the Dungeon.
             The game lasted 00:01:05 (943 turns).

MisterFreud the Shield-Bearer (Gargoyle Fighter)     Turns: 943, Time: 00:01:06

Health: -1/19      AC: 10    Str: 19    XL:     2   Next: 54%
Magic:  2/2        EV:  9    Int:  8    God:
Gold:   49         SH:  4    Dex:  9    Spells: 1/1 levels left

rFire   . . .      SeeInvis .   a - +1 flail
rCold   . . .      Faith    .   c - +0 buckler
rNeg    + . .      Spirit   .   b - +0 scale mail
rPois   ∞          Reflect  .   (no helmet)
rElec   +          Harm     .   (no cloak)
rCorr   .          Rampage  .   (no gloves)
Will    .....                   f - +0 pair of boots
Stlth   ..........              (no amulet)
HPRegen 0.06/turn               (no ring)
MPRegen 0.08/turn               (no ring)

@: no status effects
A: sickness immunity, AC +2, negative energy resistance 1, electricity
resistance, torment resistance 1, petrification resistance
a: no special abilities


You were on level 1 of the Dungeon.
You visited 1 branch of the dungeon, and saw 2 of its levels.

You collected 49 gold pieces.

Inventory:

Hand Weapons
 a - a +1 flail (weapon)
Armour
 b - a +0 scale mail (worn)
 c - a +0 buckler (worn)
 f - a +0 pair of boots (worn)
Jewellery
 h - an amulet of reflection
Potions
 d - a potion of might
 g - a potion of berserk rage {unknown}
 k - a potion of magic {unknown}


   Skills:
 - Level 3.2 Fighting
 + Level 3.1 Maces & Flails
 - Level 3.2 Armour
 - Level 3.2 Shields


You had one spell level left.
You didn't know any spells.
Your spell library contained the following spells:

 Spells                   Type           Power      Damage    Failure   Level
 Blink                    Tloc           0%         N/A       95%         2
 Teleport Other           Tloc           0%         N/A       99%         3
 Corpse Rot               Necr/Pois/Air  0%         N/A       100%        4
 Dispel Undead            Necr           0%         3d6       100%        4
 Simulacrum               Ice/Necr       0%         N/A       100%        6


Dungeon Overview and Level Annotations

Branches:
Dungeon (2/15)

Altars:

Annotations:
D:2 Robin


Innate Abilities, Weirdness & Mutations

You are immune to sickness and miasma.
Your stone body is resilient. (AC +2)
You are immune to poison.
You resist negative energy. (rN+)
You are resistant to electric shocks. (rElec)
You are resistant to unholy torment.
You are immune to petrification.


Message History

Level annotation: Robin The goblin shouts!
The adder hisses angrily.
The endoplasm quivers.
Found a scroll of fog, a leather armour and 9 stones.
There is a stone staircase leading up here.
You hit the endoplasm but do no damage. The endoplasm freezes you.
You are frozen.
You hit the endoplasm.
The endoplasm is severely wounded.
The endoplasm freezes you.
You are frozen.
You hit the endoplasm but do no damage.
The endoplasm is severely wounded.
The endoplasm hits you.
The endoplasm hits you but does no damage.
You are too injured to fight recklessly!
The adder bites you but does no damage. The adder barely misses you.
The goblin hits you but does no damage. The endoplasm freezes you.
You are frozen.
You climb upwards.
There is a stone staircase leading down here.
You barely miss the endoplasm.
The endoplasm is severely wounded.
The adder bites you but does no damage. The goblin hits you but does no damage.
The endoplasm hits you.
You barely miss the endoplasm.
The endoplasm is severely wounded.
The adder barely misses you. The goblin hits you with a +0 club.
The endoplasm freezes you.
You are frozen.
* * * LOW HITPOINT WARNING * * *
The adder closely misses you.
Unknown command.
You aren't carrying any scrolls.
You barely miss the endoplasm.
The endoplasm is severely wounded.
The adder barely misses you. The goblin hits you with a +0 club.
You die...

###..##.......# #####..>..
#..##.......# #..###
##..##.......# #####...##
#..[##.......# #.....#...
##.#.##.......# ##.#######.
#..#.##.......########..# #.
#.##.#####.####........## ###
##.##.# #.# ##J######## ###..
.).##.# ##.# #S@############...#
...##.# #..# #g###P#P#P#P#P#####
...##.# #.## #.#.............#
......# #.####.#<..PP........###
...##.####......#................
...##...##...######P#P#P#P#P#####
...##........# ###########
#####...#....# #........#
##..†##...# #........# ##


You could see an adder, an endoplasm and a goblin.

Vanquished Creatures
  A bat (D:1)
  3 endoplasms (D:1)
  A giant cockroach (D:1)
  A goblin (D:1)
  A hobgoblin (D:1)
  A jackal (D:1)
  2 quokkas (D:1)
  A ball python (D:1)
  A kobold (D:1)
  A rat (D:1)
13 creatures vanquished.

Notes
Turn   | Place    | Note
-------+----------+-------------------------------------------
     0 | D:1      | MisterFreud the Gargoyle Fighter began the quest for the
                  | Orb.
     0 | D:1      | Reached XP level 1. HP: 14/14 MP: 1/1
   183 | D:1      | Got Geplaen's Cyclopedia of the Jaunt and Necromancy
   521 | D:1      | Reached XP level 2. HP: 18/19 MP: 2/2
   796 | D:1      | Found a faded altar of an unknown god.
   878 | D:2      | Noticed Robin
   943 | D:1      | Slain by a goblin

Illustrated notes

Levels and vault maps discovered:
D:1:      minmay_arrival_plants_in_alcoves, layout_rooms,
          shapermc_ecumenical_altar_mp_urbaneastern
D:2:      layout_basic, basic_altar, uniq_crazy_yiuf_cottage, uniq_robin

Skill      XL: |  1  2 |
---------------+-------+-----
Maces & Flails | 3 |  3.1
Fighting       | |  3.2
Armour         | |  3.2
Shields        | |  3.2

Action                   || total
-------------------------++-------
Melee: Flail             ||    71
  Use: Scroll            ||     3
Armor: Scale mail        ||    51
Dodge: Dodged            ||    42
Block: Buckler           ||    11
